Map: Corrosion EC

Players

HoldTheDoor

  • Race: Protoss Protoss
  • League: Diamond
  • Spawn Location: 11:00

Zionix - Winner!

  • Race: Zerg Zerg
  • Spawn Location: 5:00

VOD

Have the link to the VOD?

Description

Time

  • Played on: July 14, 2018, 6 a.m.
  • Length: 12:20
Show
View Real Time Build Order
Export as new Build Order

HoldTheDoor Protoss 

Build Orders: 1 Gate Expand 

Get SALT Encoding   

  12  0:00  Probe  
  13  0:13  Probe  
  14  0:20  Pylon  
  14  0:25  Probe  
  15  0:37  Probe  
  16  0:44  Gateway  
  16  0:45  Probe  
  16  0:47  Assimilator  
  17  0:53  Probe  
  18  1:04  Probe  
  19  1:24  Nexus  
  19  1:33  Cybernetics Core  
  19  1:37  Probe  
  20  1:41  Assimilator  
  20  1:49  Probe  
  21  1:59  Pylon  
  21  2:01  Probe  
  22  2:13  Warp Gate  
  22  2:15  Probe  
  23  2:17  Adept  
  25  2:27  Probe  
  26  2:33  Gateway  
  26  2:37  Twilight Council  
  26  2:39  Probe  
  27  2:47  Sentry  
  27  2:50  Probe  
  30  2:51  Probe  
  30  2:55  Pylon  
  31  3:02  Probe  
  32  3:05  Probe  
  33  3:13  Adept  
  33  3:14  Probe  
  36  3:21  Adept  
  36  3:22  Probe  
  36  3:23  Resonating Glaives  
  39  3:27  Probe  
  40  3:36  Robotics Facility  
  40  3:40  Pylon  
  40  3:42  Probe  
  40  3:44  Probe  
  42  3:55  Probe  
  43  3:58  Probe  
  44  4:02  Gateway  
  44  4:07  Probe, Gateway  
  45  4:11  Probe  
  46  4:17  Sentry x2  
  46  4:19  Probe  
  46  4:23  Warp Prism  
  46  4:24  Probe  
  54  4:31  Probe  
  54  4:34  Gateway  
  54  4:36  Probe  
  55  4:41  Adept x2  
  55  4:43  Probe  
  60  4:48  Pylon  
  60  4:51  Pylon  
  60  4:56  Immortal  
  60  5:02  Adept  
  66  5:07  Pylon  
  66  5:10  Pylon  
  66  5:19  Gateway  
  66  5:22  Gateway  
  66  5:30  Gateway  
  66  5:32  Pylon  
  66  5:34  Pylon  
  66  5:38  Immortal  
  70  6:16  Adept x4  
  70  6:17  Adept  
  80  6:30  Pylon  
  80  6:31  Pylon  
  80  6:36  Adept x2  
  80  6:37  Adept x3  
  80  6:39  Adept x3  
  96  7:00  Adept x4  
  96  7:01  Adept x4  
  112  7:23  Adept  
  112  7:24  Adept x3  
  112  7:25  Adept x2  
  120  7:44  Adept x2  
  120  7:45  Adept  
  88  8:02  Adept x5  
  60  8:20  Adept x3  
  66  8:41  Adept x3  
  66  8:42  Adept x5  
  58  9:02  Stalker x3  
  60  9:05  Zealot x5  
  44  9:26  Zealot x5  
  44  9:27  Zealot x3  
  46  9:50  Immortal  
  48  9:55  Assimilator  
  48  9:56  Stalker x4  
  48  9:58  Assimilator, Zealot  
  48  9:59  Zealot x3  
  64  10:11  Charge  
  64  10:20  Probe x2  
  66  10:34  Immortal  
  70  10:39  Zealot x2  
  70  10:40  Zealot x5  
  84  10:50  Zealot  
  86  11:00  Pylon  
  86  11:04  Pylon  
  86  11:11  Stargate  
  86  11:14  Immortal  
  90  11:21  Nexus  
  90  11:30  Stalker  
  90  11:31  Stalker  
  94  11:34  Sentry  
  96  11:40  Probe  
  96  11:41  Probe  
  98  11:51  Stalker  
  98  11:52  Stalker  
  62  12:15  Zealot  
  62  12:16  Zealot x4  
Show
View Real Time Build Order
Export as new Build Order

Zionix Zerg - Winner!

Build Orders: Hatch First 

Get SALT Encoding   

  12  0:01  Drone  
  13  0:12  Overlord  
  13  0:18  Drone  
  14  0:31  Drone x2  
  14  0:35  Drone  
  17  0:55  Hatchery  
  16  0:58  Drone  
  17  1:04  Extractor  
  17  1:05  Drone  
  17  1:19  Spawning Pool  
  17  1:23  Drone  
  17  1:27  Drone  
  18  1:36  Drone  
  19  1:56  Hatchery  
  19  2:01  Drone  
  19  2:10  Drone x3  
  22  2:22  Queen  
  24  2:30  Queen  
  24  2:34  Metabolic Boost  
  26  2:37  Overlord  
  26  2:47  Drone x2  
  26  2:48  Overlord  
  28  2:56  Zergling x6  
  31  3:02  Drone  
  31  3:03  Drone  
  31  3:05  Queen  
  35  3:16  Queen  
  35  3:18  Queen  
  39  3:21  Drone  
  40  3:28  Overlord  
  40  3:31  Drone x3  
  43  3:36  Drone x2  
  43  3:37  Drone  
  46  3:42  Drone x2  
  46  3:43  Drone  
  49  3:57  Extractor  
  49  3:59  Spore Crawler  
  49  4:00  Spore Crawler  
  49  4:02  Drone x2, Spore Crawler  
  47  4:03  Drone x4  
  47  4:06  Drone  
  53  4:17  Drone  
  53  4:30  Drone x3  
  53  4:31  Overlord, Drone x2  
  58  4:32  Overlord x3  
  58  4:43  Lair  
  58  4:45  Extractor  
  57  4:47  Extractor  
  56  4:55  Drone  
  56  4:56  Roach Warren, Evolution Chamber, Drone x5  
  56  4:57  Drone x2  
  56  4:58  Evolution Chamber  
  61  5:15  Overlord x2  
  61  5:16  Overlord  
  61  5:20  Drone x2  
  63  5:23  Drone x2  
  65  5:29  Zergling x16  
  65  5:30  Zergling x2  
  74  5:40  Zerg Melee Weapons Level 1, Zerg Missile Weapons Level 1  
  74  5:49  Roach x7  
  88  6:00  Glial Reconstitution  
  88  6:24  Drone x9  
  88  6:25  Overlord x3, Drone x3  
  100  6:31  Hydralisk Den  
  99  6:33  Baneling Nest  
  99  6:38  Extractor  
  99  6:39  Overseer x2  
  97  6:41  Extractor  
  96  7:03  Roach x4  
  96  7:04  Roach x8  
  120  7:09  Extractor  
  120  7:10  Hatchery  
  120  7:11  Extractor  
  120  7:14  Grooved Spines  
  117  7:20  Hydralisk x4  
  117  7:21  Hydralisk x2  
  122  7:31  Roach x2  
  122  7:32  Roach  
  125  7:37  Baneling x2  
  125  7:38  Baneling x7  
  118  7:49  Roach x3  
  118  7:50  Roach x2  
  94  7:59  Zergling x2  
  94  8:00  Zergling x6  
  74  8:16  Roach x3  
  74  8:17  Roach x2  
  76  8:24  Baneling  
  76  8:25  Baneling x7  
  75  8:32  Roach x3  
  67  8:53  Roach x3  
  67  8:54  Roach x3  
  77  9:05  Roach x6  
  85  9:22  Roach x2  
  85  9:23  Roach x3  
  93  9:36  Queen  
  87  9:39  Hydralisk x3  
  87  9:41  Hydralisk  
  87  9:42  Zergling x6  
  96  9:58  Zerg Missile Weapons Level 2  
  96  10:20  Drone x8  
  96  10:21  Drone  
  105  10:25  Spore Crawler  
  104  10:29  Centrifical Hooks  
  104  10:31  Queen  
  104  10:33  Spore Crawler  
  105  10:56  Spire, Muscular Augments  
  104  10:58  Hydralisk x4  
  112  11:11  Infestation Pit  
  111  11:22  Hatchery  
  110  11:28  Drone  
  110  11:29  Drone x2  
  110  11:30  Drone  
  110  11:31  Drone  
  115  11:41  Overlord x4  
  115  11:42  Overlord x2  
  115  11:43  Drone x7  
  115  11:44  Drone x3  
Tags
 
Add a new tag
Caveats
  • Supply blocks, unpowered buildings, or Contaminate may cause inaccurate times.
  • Supply counts are checked every 10 seconds.